 Dungeon Crawl Stone Soup version 0.32-a0-837-g8d3e27d251 (webtiles) character file.

Game seed: 17727887067706083033

998 Ajdolov the Cudgeller (level 8, 0/68 HPs)
             Began as an Armataur Fighter on Mar 26, 2024.
             Was an Initiate of Okawaru.
             Slain by a troll (8 damage)
             ... on level 6 of the Dungeon.
             The game lasted 00:07:22 (4534 turns).

Ajdolov the Cudgeller (Armataur Fighter)            Turns: 4534, Time: 00:07:22

Health: 0/68       AC: 10    Str: 23    XL:     8   Next: 0%
Magic:  8/8        EV:  6    Int:  9    God:    Okawaru [......]
Gold:   220        SH:  5    Dex: 16    Spells: 7/7 levels left

rFire   . . .        a - +0 flail
rCold   . . .        c - +0 buckler
rNeg    . . .        b - +0 scale mail
rPois   .            r - +1 helmet
rElec   .            (no cloak)
rCorr   .            l - +0 pair of gloves
SInv    .            (no barding)
Will    .....        (no amulet) Stlth
                     k - +6 ring of dexterity
HPRegen 0.96/turn    (no ring)
MPRegen 0.44/turn

%: roll
@: no status effects
A: large, deformed body, tough skin 3, armoured tail, rollpage 2
a: Renounce Religion


You were on level 6 of the Dungeon.
You worshipped Okawaru.
Okawaru was noncommittal.
You visited 2 branches of the dungeon, and saw 7 of its levels.

You collected 220 gold pieces.

Inventory:

Hand Weapons
 a - a +0 flail (weapon)
Armour
 b - a +0 scale mail (worn)
 c - a +0 buckler (worn)
 h - a +0 kite shield
 l - a +0 pair of gloves (worn)
 r - a +1 helmet (worn)
Jewellery
 k - a +6 ring of dexterity (left hand)
Scrolls
 d - 2 scrolls of identify {unknown}
 g - 2 scrolls of teleportation {unknown}
 n - 4 scrolls of fear
 p - a scroll of enchant weapon {unknown}
 s - a scroll of torment {unknown}
 t - a scroll of revelation {unknown}
 u - a scroll of blinking {unknown}
 x - 2 scrolls of enchant armour {unknown}
 y - a scroll of poison {unknown}
Potions
 e - 3 potions of curing {unknown}
 f - 2 potions of heal wounds {unknown}
 i - 2 potions of mutation {unknown}
 j - 2 potions of haste {unknown}
 m - a potion of lignification {unknown}
 o - a potion of attraction {unknown}
 q - a potion of resistance {unknown}
 v - a potion of cancellation {unknown}
 w - a potion of brilliance {unknown}
 z - a potion of degeneration {unknown}


   Skills:
 - Level 5.0 Fighting
 * Level 7.5 Maces & Flails
 - Level 3.6 Armour
 - Level 3.2 Shields


You had 7 spell levels left.
You didn't know any spells.
Your spell library contained the following spells:

 Spells                   Type           Power      Damage    Failure   Level
 Summon Small Mammal      Summ           Unusable   N/A       N/A         1
 Call Canine Familiar     Summ           Unusable   N/A       N/A         3
 Summon Blazeheart Golem  Fire/Summ      Unusable   N/A       N/A         4

Dungeon Overview and Level Annotations

Branches:
Dungeon (6/15)             Temple (1/1) D:5

Altars:
Ashenzari
Cheibriados
Dithmenos
Fedhas
Gozag
Hepliaklqana
Kikubaaqudgha
Okawaru
Qazlal
Ru
Sif Muna
Uskayaw
Xom
Yredelemnul
Zin
The Shining One

Annotations:
D:3 1 runed translucent door, Crazy Yiuf
D:4 Pargi


Innate Abilities, Weirdness & Mutations

Armour fits poorly on your strangely shaped body.
You have extremely tough skin. (AC +3)
You have a long armoured tail.
You regenerate magic and health when rolling toward enemies. (Rampage Regen)


Message History

You feel agile.
You see here a howler monkey corpse.
A troll comes into view.
The troll shouts!
You see here a howler monkey corpse.
You see here a howler monkey corpse.
Why would you want to do that?
You aren't carrying any items that you can evoke.
Okay, then.
You roll towards the troll!
The troll bites you but does no damage. The troll claws you. x2
You hit the troll.
The troll is lightly wounded.
You block the troll's attack. The troll barely misses you.
You block the troll's attack.
Unknown command.
You sock the troll!
You tail-slap the troll, but do no damage.
The troll is heavily wounded.
The troll bites you.
The troll claws you but does no damage. x2
You hit the troll.
The troll is heavily wounded.
The troll bites you!
The troll claws you! x2; The troll closely misses you.
The troll claws you but does no damage. x2
You hit the troll.
The troll is heavily wounded.
The troll barely misses you. x2; The troll claws you!
You hit the troll.
You tail-slap the troll, but do no damage.
The troll is heavily wounded.
The troll bites you! The troll claws you.
* * * LOW HITPOINT WARNING * * *
The troll claws you but does no damage.
Unknown command.
You hit the troll. You tail-slap the troll!
The troll is almost dead.
The troll bites you!
* * * LOW HITPOINT WARNING * * *
The troll claws you!
You die...

.#### #..... #...... ##
#≈...... ##≈###≈#≈......
##≈#≈#≈#.T≈..... #.####
##≈#.#≈#...#≈...[
#....###≈#..T#...#≈.....
#......≈#..@#...#≈......
#.....≈#..†#≈#.#≈...:...
#......≈#.#≈#≈#.#≈......
#.......≈#.#≈#...#≈....
##......≈#...#...#≈......
#......≈#...#...#≈.....##
#
##.##..≈#...#≈#.#≈....###
. #.###...≈..#≈#≈#≈###.##
. ##.# ###..≈#≈###≈## ##


You could see a troll.

Vanquished Creatures
  2 ogres (D:5)
  A phantom (D:5)
  A bullfrog (D:6)
  3 scorpions
  A howler monkey (D:6)
  4 hounds
  2 jellies
  An orc priest (D:5)
  An iguana (D:5)
  A sleepcap (D:5)
  An orc wizard (D:5)
  Robin (D:3)
  7 adders
  3 dart slugs
  3 ribbon worms
  16 orcs
  8 ball pythons
  3 endoplasms
  3 giant cockroaches
  11 goblins
  10 hobgoblins
  4 jackals (D:2)
  A quokka (D:1)
  4 bats
  3 frilled lizards
  5 kobolds
  3 rats
103 creatures vanquished.

Notes
Turn   | Place    | Note
-------+----------+-------------------------------------------
     0 | D:1      | Ajdolov the Armataur Fighter began the quest for the Orb.
     0 | D:1      | Reached XP level 1. HP: 18/18 MP: 1/1
   244 | D:1      | Reached XP level 2. HP: 26/26 MP: 2/2
   725 | D:2      | Reached XP level 3. HP: 33/33 MP: 3/3
  1161 | D:2      | Reached XP level 4. HP: 31/41 MP: 4/4
  1525 | D:3      | Found a faded altar of an unknown god.
  1584 | D:3      | Found a runed translucent door.
  1585 | D:3      | Noticed Crazy Yiuf
  2356 | D:4      | Noticed a scorpion
  2382 | D:4      | Reached skill level 5 in Fighting
  2436 | D:4      | Killed a scorpion
  2437 | D:4      | Reached skill level 2 in Maces & Flails
  2437 | D:4      | Reached XP level 5. HP: 39/48 MP: 5/5
  2442 | D:4      | Reached skill level 3 in Maces & Flails
  2608 | D:4      | Noticed Robin
  2739 | D:3      | Killed Robin
  2798 | D:4      | Noticed Pargi
  2839 | D:3      | Reached skill level 4 in Maces & Flails
  2839 | D:3      | Reached XP level 6. HP: 56/56 MP: 6/6
  3240 | D:5      | Entered Level 5 of the Dungeon
  3277 | D:5      | Reached skill level 5 in Maces & Flails
  3398 | D:5      | Gained mutation: You regenerate magic and health when
                  | rolling toward enemies. (Rampage Regen) [Armataur growth]
  3398 | D:5      | Reached XP level 7. HP: 12/61 MP: 7/7
  3596 | D:5      | Reached skill level 6 in Maces & Flails
  3935 | D:5      | Found an ancient bone altar of Kikubaaqudgha.
  4125 | D:5      | Reached skill level 7 in Maces & Flails
  4127 | D:5      | Found a staircase to the Ecumenical Temple.
  4133 | Temple   | Entered the Ecumenical Temple
  4201 | Temple   | Became a worshipper of Warmaster Okawaru
  4473 | D:6      | Reached XP level 8. HP: 63/68 MP: 8/8
  4492 | D:6      | Noticed a troll
  4534 | D:6      | Slain by a troll

Illustrated notes

Levels and vault maps discovered:
D:1:      amcnicky_arrival_wind_blow, layout_loops_cross,
          minmay_misc_feat_square, hex_medium, hex_large, wad_floor_pattern_2
D:2:      layout_loops_ring, serial_bayou, serial_bayou_ford_a,
          serial_bayou_crossing, serial_bayou_lake_a, serial_bayou_pond_b
D:3:      layout_basic, ebering_ecumenical_altar_rust, uniq_crazy_yiuf_cottage
D:4:      layout_cave_pools, grunt_ministairs_15, uniq_robin, uniq_pargi
D:5:      layout_basic, nicolae_overflow_hidden_temple,
          minmay_temple_entry_nine_rooms, st_stairs_8, amcnicky_mini_pool_medium
D:6:      black_bear_nest_1, layout_cave_pods, mainiacjoe_overflow_paths,
          nicolae_water_bricks, minivault_23, minmay_manual_mess
Temple:   regret_index_temple_generic_petals

Skill      XL: |  1  2  3  4  5  6  7 |
---------------+----------------------+-----
Fighting       | 3 4 5 |  5.0
Maces & Flails | 2 4 5 7 |  7.5
Armour         | |  3.6
Shields        | |  3.2

Action                     |  1- 3 |  4- 6 |  7- 9 || total
---------------------------+-------+-------+-------++-------
  Melee: Flail             |    95 |   167 |    91 ||   353
         Tailslap          |    12 |    19 |    17 ||    48
    Use: Scroll            |       |     1 |       ||     1
         Potion            |       |     1 |       ||     1
 Armour: Scale mail        |    85 |   145 |    94 ||   324
  Dodge: Dodged            |    28 |    70 |    28 ||   126
  Block: Buckler           |    26 |    35 |    20 ||    81

Table legend: (Time is in decaauts)
 A = Elapsed time spent in this place.
 B = Non-inter-level travel time spent in this place.
 C = Inter-level travel time spent in this place.
 D = Time resting spent in this place.
 E = Time spent auto-exploring this place.
 F = Levels seen in this place.
 G = Mean time per level.
                   A        B        C        D        E       F      G
               +--------+--------+--------+--------+--------+-----+--------+
         Total |   4631 |   4331 |    300 |    297 |   3005 |   7 |  661.6 |
       Dungeon |   4522 |   4300 |    222 |    297 |   2977 |   6 |  753.7 |
        Temple |    108 |     30 |     78 |      0 |     28 |   1 |  108.0 |
               +--------+--------+--------+--------+--------+-----+--------+

Top non-repeatable levels by time:
     D:3: 1183 daAuts
     D:5: 967 daAuts
     D:2: 772 daAuts
     D:1: 730 daAuts
     D:4: 647 daAuts
     D:6: 222 daAuts
  Temple: 108 daAuts
